 Dungeon Crawl Stone Soup version 0.22-a0-393-g7f50228 (webtiles) character file.

11 Alphaeus the Vexing (level 2, 0/21 HPs)
             Began as a Formicid Arcane Marksman on May 2, 2018.
             Slain by a kobold
             ... wielding a +2 short sword of draining
              (1 damage)
             ... on level 1 of the Dungeon.
             The game lasted 00:01:09 (638 turns).

Alphaeus the Vexing (Formicid Arcane Marksman)       Turns: 638, Time: 00:01:10

Health: 0/21       AC:  6    Str: 14    XL:     2   Next: 40%
Magic:  2/3        EV:  9    Int: 12    God:
Gold:   43         SH:  0    Dex: 11    Spells: 2/3 levels left

rFire    . . .     SeeInvis +   a - +0 hand crossbow
rCold    . . .     Gourm    .   (no shield)
rNeg     . . .     Faith    .   g - +0 scale mail
rPois    .         Spirit   .   (helmet unavailable)
rElec    .         Reflect  .   (no cloak)
rCorr    .         Harm     .   (no gloves)
MR       .....                  (no boots)
Stlth    ..........             (no amulet)
HPRegen  0.07/turn              (no ring)
MPRegen  0.08/turn              (no ring)

@: heavily drained
A: permanent stasis, dig shafts and tunnels, four strong arms, antennae 3
a: Dig, Shaft Self


You were on level 1 of the Dungeon.
You were not hungry.

You visited 1 branch of the dungeon, and saw 1 of its levels.

You collected 43 gold pieces.

Inventory:

Hand Weapons
 a - a +0 hand crossbow (weapon)
 b - a +0 club
Missiles
 d - 17 bolts (quivered)
 l - 4 javelins of returning
Armour
 e - a +0 robe
 g - a +0 scale mail (worn)
Scrolls
 h - a scroll of remove curse {unknown}
 i - 2 scrolls of blinking {unknown}
 k - a scroll of random uselessness {unknown}
Potions
 c - a potion of might {unknown}
 j - a potion of invisibility {unknown}
Comestibles
 f - a ration
 m - a chunk of flesh


   Skills:
 * Level 1.4(0.1) Fighting
 + Level 0.1(0.0) Maces & Flails
 * Level 2.2(0.8) Crossbows
 * Level 0.8(0.0) Armour
 + Level 1.8(0.4) Dodging
 + Level 1.1(0.0) Spellcasting
 * Level 3.7(2.2) Hexes


You had 2 spell levels left.
You knew the following spells:

 Your Spells              Type           Power        Failure   Level  Hunger
a - Corona                Hex            #......      52%         1    ##.....


Dungeon Overview and Level Annotations

Branches:
Dungeon (1/15)

Altars:


Innate Abilities, Weirdness & Mutations

You cannot be hasted, slowed, berserked, paralysed or teleported.
You can dig through walls and to a lower floor.
Your four strong arms can wield two-handed weapons with a shield.
You have a pair of large antennae on your head. (SInv)


Message History

The giant cockroach bites you but does no damage.
The kobold hits you but does no damage.
You feel drained.
The giant cockroach bites you but does no damage.
Casting: Corona (safe; 43% risk of failure)
Confirm with . or Enter, or press ? or * to list all spells.
Okay, then.
a - a +0 hand crossbow (weapon)
The kobold hits you with a short sword of draining.
You feel drained.
Casting: Corona (safe; 45% risk of failure)
Confirm with . or Enter, or press ? or * to list all spells.
Aiming: Corona (safe; 45% risk of failure)
Press: ? - help, Shift-Dir - straight line, f - kobold
Aim: a kobold, wielding a short sword of draining (chance to defeat MR: 58%)
The kobold is outlined in light.
The giant cockroach bites you.
* * * LOW HITPOINT WARNING * * *
The kobold hits you with a short sword of draining.
* * * LOW HITPOINT WARNING * * *
You feel drained.
You die...

#...
##..#.##.#.###
#.#.
#........#....
#.#.
#.............
#.##
#.............
#...
#.............
#####
#.............
...##
#.....s.......
##.#.
#.....@K......
.....
#.......###...
.....
#.(...(.#
......
#.......#
......
#.......#
......
#.......#
..[..
#.......#
.....
###.#####
##.#. #.# #.#.


You could see a giant cockroach and a kobold.

Vanquished Creatures
  A goblin (D:1)
  2 hobgoblins (D:1)
  3 bats (D:1)
  A frilled lizard (D:1)
  3 kobolds (D:1)
  3 rats (D:1)
13 creatures vanquished.

Notes
Turn   | Place    | Note
-------+----------+-------------------------------------------
     0 | D:1      | Alphaeus the Formicid Arcane Marksman began the quest for the Orb.
     0 | D:1      | Reached XP level 1. HP: 15/15 MP: 2/2
   435 | D:1      | Reached XP level 2. HP: 21/21 MP: 3/3
   638 | D:1      | HP: 1/21 [kobold/short sword of draining (5)]
   638 | D:1      | Slain by a kobold

Vault maps used:
D:1:      dpeg_arrival_court

Action                   || total
-------------------------++-------
Melee: Club              ||    35
 Fire: Hand crossbow     ||    14
 Cast: Corona            ||     1
Armor: Scale mail        ||    30
Dodge: Dodged            ||    31

Table legend:
 A = Spawn XP
 B = Non-spawn XP
 C = Spawn XP percentage of total XP
 D = Spawn monster count
 E = Non-spawn monster count
 F = Spawn count percentage of total count
 G = Total turns spent on level
                    A         B        C        D         E        F      G
               +---------+---------+-------+---------+---------+-------+---------
         Total |       0 |      17 |   0.0 |       0 |      13 |   0.0 |   638
               +---------+---------+-------+---------+---------+-------+---------
           D:1 |       0 |      17 |   0.0 |       0 |      13 |   0.0 |   638
               +---------+---------+-------+---------+---------+-------+---------
